 Dungeon Crawl Stone Soup version 0.17.0-9-g801d43b (webtiles) character file.

1235 Helmschank the Covert (level 8, -4/54 HPs)
             Began as an Octopode Assassin on Nov 10, 2015.
             Was a Follower of Dithmenos.
             Slain by a hippogriff (7 damage)
             ... on level 4 of the Dungeon.
             The game lasted 00:29:52 (6252 turns).

Helmschank the Covert (Octopode Assassin)           Turns: 6252, Time: 00:29:52

Health: -4/54      AC:  1    Str: 10    XL:     8   Next: 49%
Magic:  8/8        EV: 14    Int: 13    God:    Dithmenos [*.....]
Gold:   301        SH:  0    Dex: 16    Spells: 0 memorised, 7 levels left

rFire  + . .     SeeInvis .     w - +4 dagger
rCold  . . .     Clarity  .     (no shield)
rNeg   . . .     SustAt   .     (helmet restricted)
rPois  .         Gourm    .     (no amulet)
rElec  .         Spirit   .     g - ring of protection from fire
rCorr  .         Warding  .     (no ring)
rMut   .         Stasis   .     (no ring)
MR     .....                    (no ring)
Stlth  ++++++....               (no ring)
                                (no ring)
                                (no ring)
                                (no ring)

@: about to teleport, wreathed by umbra, drained, not resistant to hostile
enchantments, very stealthy
A: almost no armour, amphibious, 8 rings, constrict 8, camouflage 1, gelatinous
body 1
a: Renounce Religion


You were on level 4 of the Dungeon.
You worshipped Dithmenos.
Dithmenos was aware of your devotion.
You were hungry.

You visited 1 branch of the dungeon, and saw 6 of its levels.

You collected 301 gold pieces.

Inventory:

Hand Weapons
 e - a +0 blowgun
 h - a cursed -2 short sword
 n - a +2 dagger of pain
 w - a +4 dagger (weapon)
 B - a +4 flail of draining
 F - a +3 mace
Missiles
 c - 24 poisoned needles
 d - 2 curare-tipped needles
 l - 137 stones (quivered)
Jewellery
 g - a ring of protection from fire (left tentacle)
 u - an uncursed ring of teleportation
 H - an uncursed amulet of faith
Wands
 G - a wand of teleportation (6)
Scrolls
 j - a scroll of enchant armour
 v - a scroll of recharging
 C - 2 scrolls of remove curse
 D - a scroll of amnesia
 E - a scroll of identify
 I - 2 scrolls of fog
 J - a scroll of magic mapping
 L - a scroll of enchant weapon
Potions
 a - 3 potions of might
 f - a potion of lignification {unknown}
 i - 3 potions of haste
 k - 2 potions of poison {unknown}
 o - 4 potions of brilliance {unknown}
 s - 2 potions of resistance {unknown}
 t - a potion of beneficial mutation {unknown}
 z - a potion of mutation {unknown}
 A - 3 potions of cure mutation {unknown}
 K - a potion of invisibility {unknown}
Books
 y - an Akashic Record

   Spells                             Type                      Level
   a - Dispersal                      Translocation                6
   b - Malign Gateway                 Summoning/Translocation      7
   c - Disjunction                    Translocation                8
   d - Controlled Blink               Translocation                8
Comestibles
 b - 7 bread rations
 m - 3 meat rations
 p - a slice of pizza
 r - 3 beef jerkies


   Skills:
 + Level 4.8(4.2) Fighting
 * Level 6.4(5.8) Short Blades
 - Level 2.0(1.4) Throwing
 + Level 4.5(3.8) Dodging
 + Level 8.2(7.5) Stealth


You had 7 spell levels left.
You didn't know any spells.

Dungeon Overview and Level Annotations

Branches:
Dungeon (6/15)
 Temple: D:4-7

Altars:
Dithmenos
Elyvilon
Fedhas
Kikubaaqudgha
Nemelex Xobeh
Okawaru
Ru
Sif Muna
Trog
Vehumet
Xom

Shops:
D:6 }

Annotations:
D:4 gw's ghost, amateur MfGl
D:5 kobo's ghost, novice GrEE


Innate Abilities, Weirdness & Mutations

You cannot wear most types of armour.
You are amphibious.
You can wear up to eight rings at the same time.
You can use your tentacles to constrict eight enemies at once.
Your skin changes colour to match your surroundings (Stealth).
Your rubbery body absorbs attacks (AC +1).


Message History

You are feeling hungry.
The hippogriff bites you! The hippogriff closely misses you.
The hippogriff claws you!
* * * LOW HITPOINT WARNING * * *
You hit the hippogriff but do no damage.
You squeeze the hippogriff.
The hippogriff is moderately wounded.
The orc wizard miscasts a cantrip.
The hippogriff bites you!
* * * LOW HITPOINT WARNING * * *
The hippogriff pecks you.
* * * LOW HITPOINT WARNING * * *
The hippogriff claws you.
* * * LOW HITPOINT WARNING * * *
Read which item? (? for menu, Esc to quit)
As you read the scroll of teleportation, it crumbles to dust.
You feel strangely unstable. The hippogriff bites you!
* * * LOW HITPOINT WARNING * * *
The hippogriff closely misses you. The hippogriff claws you!
You die...

#########.#####
........#'##... #............
.. .. ..###............
..######.# #..............#
.......#.# ###...............
.......#.###.+...............
...........#.#...............
...........#@##+#'###........
...o....(.oHo.#.#............
.h§...$.....###.#.......#####
.......#.o....#.........#####
##'#'###......##........#....
......................#....
.............................
.....(.#.#'#.##..............
. ##...#.#.#.##.......###'###


You could see a hippogriff, 2 orc wizards and an orc.

Vanquished Creatures
  Edmund (D:4)
  Duvessa (D:6)
  An ice beast (D:5)
  A centaur (D:6)
  An eye of draining (D:6)
  A phantom (D:6)
  An ogre (D:4)
  2 giant frogs
  Dowan (D:6)
  A vampire bat (D:4)
  Ijyb (D:3)
  An orc wizard (D:3)
  A centaur skeleton (D:4)
  Terence (D:3)
  A worker ant (D:4)
  A worker ant zombie (D:5)
  Robin (D:3)
  6 adders
  2 oozes
  An adder skeleton (D:4)
  2 worms
  5 giant geckos
  23 orcs
  2 bat skeletons (D:4)
  2 bat zombies (D:4)
  7 giant cockroaches
  14 goblins
  7 hobgoblins
  6 jackals
  10 kobolds
  2 quokkas
  A ball python (D:3)
  4 bats
  5 giant newts
  5 rats
122 creatures vanquished.

Notes
Turn   | Place    | Note
--------------------------------------------------------------
     0 | D:1      | Helmschank the Octopode Assassin began the quest for the Orb.
     0 | D:1      | Reached XP level 1. HP: 14/14 MP: 1/1
   357 | D:1      | Reached XP level 2. HP: 19/19 MP: 2/2
   910 | D:2      | Found a shimmering altar of Xom.
   974 | D:2      | Found a white marble altar of Elyvilon.
   979 | D:2      | Reached XP level 3. HP: 24/24 MP: 3/3
  2144 | D:3      | Reached XP level 4. HP: 24/30 MP: 4/4
  2211 | D:3      | Noticed Robin
  2215 | D:3      | Killed Robin
  2457 | D:3      | Noticed Terence
  2475 | D:3      | Killed Terence
  2596 | D:3      | Reached XP level 5. HP: 25/36 MP: 5/5
  2972 | D:3      | Reached skill level 6 in Stealth
  3155 | D:3      | Noticed Ijyb
  3162 | D:3      | Killed Ijyb
  3317 | D:4      | Found an iron altar of Okawaru.
  3556 | D:4      | Noticed Edmund
  3590 | D:4      | Killed Edmund
  3590 | D:4      | Reached XP level 6. HP: 15/42 MP: 6/6
  3647 | D:4      | Noticed gw's ghost (amateur MfGl)
  3842 | D:4      | You fall through a shaft for 2 floors!
  3843 | D:6      | Found Joavaawn's Gadget Shoppe.
  3961 | D:6      | Reached XP level 7. HP: 37/46 MP: 7/7
  4106 | D:6      | Reached skill level 7 in Stealth
  4122 | D:6      | Found a shadowy altar of Dithmenos.
  4127 | D:6      | Became a worshipper of Dithmenos the Shadowed
  4177 | D:6      | Found a sparkling altar of Nemelex Xobeh.
  4179 | D:6      | Found a sacrificial altar of Ru.
  4179 | D:6      | Found a blossoming altar of Fedhas.
  4180 | D:6      | Found a radiant altar of Vehumet.
  4180 | D:6      | Found a deep blue altar of Sif Muna.
  4245 | D:6      | Reached skill level 5 in Short Blades
  5065 | D:6      | Noticed Duvessa
  5066 | D:6      | Noticed Dowan
  5070 | D:6      | Killed Duvessa
  5076 | D:6      | Killed Dowan
  5076 | D:6      | Reached XP level 8. HP: 49/54 MP: 8/8
  5111 | D:5      | Entered Level 5 of the Dungeon
  5164 | D:5      | Noticed kobo's ghost (novice GrEE)
  5209 | D:5      | Reached skill level 8 in Stealth
  5567 | D:4      | Found a bloodstained altar of Trog.
  5682 | D:4      | Noticed an ogre
  5689 | D:4      | Killed an ogre
  5717 | D:4      | Found an ancient bone altar of Kikubaaqudgha.
  6232 | D:4      | Noticed a hippogriff
  6242 | D:4      | Reached * piety under Dithmenos
  6252 | D:4      | Slain by a hippogriff

Action                   |  1- 3 |  4- 6 |  7- 9 || total
-------------------------+-------+-------+-------++-------
Melee: Dagger            |    55 |   112 |   101 ||   268
Throw: Javelin           |     3 |    14 |     7 ||    24
       Stone             |       |     3 |     6 ||     9
  Use: Scroll            |     8 |     3 |     3 ||    14
       Potion            |       |       |     1 ||     1
 Stab: Sleeping          |     9 |    11 |    14 ||    34
       Distracted        |       |       |     2 ||     2
  Eat: Chunk             |     3 |     6 |     7 ||    16
